 Dungeon Crawl Stone Soup version 0.30.0-15-g856e2d3f33 (webtiles) character file.

Game seed: 17189210294083408903

462 SnakkuSnakku7 the Cudgeller (level 6, 0/46 HPs)
             Began as a Mummy Reaver on May 18, 2023.
             Slain by Pikel
             ... wielding a +2 whip of freezing
              (1 damage)
             ... on level 4 of the Dungeon.
             The game lasted 00:04:20 (3261 turns).

SnakkuSnakku7 the Cudgeller (Mummy Reaver)          Turns: 3261, Time: 00:04:22

Health: 0/46       AC:  5    Str: 15    XL:     6   Next: 79%
Magic:  10/10      EV: 11    Int: 15    God:
Gold:   235        SH:  3    Dex: 10    Spells: 9/10 levels left

rFire   x . .        a - +0 mace
rCold   + . .        d - +0 buckler
rNeg    + + +        b - +0 leather armour
rPois   ∞            (no helmet)
rElec   .            f - +0 cloak
rCorr   .            j - +0 pair of gloves
SInv    .            (no boots)
Will    .....        (no amulet)
Stlth   +            (no ring)
HPRegen 0.27/turn    (no ring)
MPRegen 0.12/turn

%: faith
@: about to teleport
A: cold resistance 1, negative energy resistance 3, torment resistance 2, heat
vulnerability 1, in touch with death 1, no potions, faith
a: no special abilities


You were on level 4 of the Dungeon.
You visited 1 branch of the dungeon, and saw 4 of its levels.

You collected 235 gold pieces.

Inventory:

Hand Weapons
 a - a +0 mace (weapon)
Armour
 b - a +0 leather armour (worn)
 d - a +0 buckler (worn)
 f - a +0 cloak (worn)
 j - a +0 pair of gloves (worn)
Wands
 e - a wand of charming (4)
Scrolls
 c - 4 scrolls of identify
 g - a scroll of immolation {unknown}
 h - a scroll of vulnerability {unknown}
 k - a scroll of fog


   Skills:
 - Level 2.6 Fighting
 + Level 5.0 Maces & Flails
 - Level 1.5 Dodging
 + Level 0.6 Shields
 - Level 2.6 Spellcasting
 - Level 2.4 Conjurations
 - Level 4.0 Necromancy


You had 9 spell levels left.
You knew the following spells:

 Your Spells              Type           Power      Damage    Failure   Level
a - Kiss of Death         Conj/Necr      68%        2d10      10%         1

Your spell library contained the following spells:

 Spells                   Type           Power      Damage    Failure   Level
 Momentum Strike          Conj/Tloc      10%        3d8       32%         2
 Lesser Beckoning         Tloc           4%         N/A       45%         2
 Hailstorm                Conj/Ice       5%         3d4       54%         3
 Gell's Gravitas          Tloc           2%         N/A       71%         3
 Teleport Other           Tloc           2%         N/A       71%         3


Dungeon Overview and Level Annotations

Branches:
Dungeon (4/15)
 Temple: D:4-7

Altars:
Hepliaklqana
Kikubaaqudgha
Xom

Shops:
D:4 :

Annotations:
D:3 3 runed translucent doors, Darkkill's ghost, amateur MiHu
D:4 3 runed translucent doors, AverageBear's ghost, amateur OpFi; JanusIIV's ghost, novice NaCj; Pikel; SpyderV's ghost, novice HOFi; minhee2137's ghost, amateur MiBe


Innate Abilities, Weirdness & Mutations

You are immune to poison.
Your flesh is cold resistant. (rC+)
You are immune to negative energy. (rN+++)
You are immune to unholy pain and torment.
You are vulnerable to heat. (rF-)
You are in touch with the powers of death.
You do not drink.
You have a special connection with the divine. (Faith)


Message History

Found an ancient bone altar of Kikubaaqudgha.
Pikel, Merchant of Souls comes into view.
He is wielding a +2 whip of freezing.
Pikel is nearby!
You see here a hobgoblin corpse.
You barely miss Pikel. Pikel barely misses you.
You hit Pikel but do no damage.
Pikel hits you with a +2 whip of freezing!
Pikel freezes you.
You hit Pikel.
Pikel is lightly wounded.
Pikel hits you with a +2 whip of freezing.
Pikel freezes you.
You closely miss Pikel.
Pikel is lightly wounded.
Pikel hits you with a +2 whip of freezing!
Pikel freezes you.
You hit Pikel but do no damage.
Pikel is lightly wounded.
Pikel hits you with a +2 whip of freezing.
* * * LOW HITPOINT WARNING * * *
Pikel freezes you.
* * * LOW HITPOINT WARNING * * *
You closely miss Pikel.
Pikel is lightly wounded.
A lemure comes into view.
Pikel hits you with a +2 whip of freezing.
* * * LOW HITPOINT WARNING * * *
Pikel freezes you.
* * * LOW HITPOINT WARNING * * *
As you read the scroll labelled ESEOLEITWU, it crumbles to dust.
It is a scroll of identify.
k - a scroll of fog You block Pikel's attack.
As you read the scroll labelled PIDALI BUDOKLOME, it crumbles to dust.
You feel strangely unstable.
It was a scroll of teleportation.
A lemure comes into view.
Pikel hits you with a +2 whip of freezing.
* * * LOW HITPOINT WARNING * * *
Pikel freezes you.
You die...

## ##_# ... .##.# .# 8...8## #.#
K# ... ###. .....#######.# .# ...
.#>. ....._#...##.####.# ... ###.
.....####.5......# #8 8...8##
#..###.#.# ##_# #5## #####
########## #K# ##/P⌠P.##
#........# #@## ##8.....8## #
#......#.# #..###:.......[#.. ##
#......#.# #.#..#.........#..
.####......#.###..<.#8.......8#..
.'..................#(..W..WW)#..
.####...#.#########.####+++####..
######.##.# #..................
...# ####.# #.###.##...........
##.# #.# #.###.##.##.###...#


You could see Pikel and 2 lemures.

Vanquished Creatures
  Grinder (D:3)
  A black bear (D:4)
  A howler monkey (D:4)
  A jelly (D:3)
  A gnoll (D:1)
  2 adders
  2 worms
  5 dart slugs
  6 bats
  10 endoplasms
  2 giant cockroaches
  2 goblins
  7 hobgoblins
  4 jackals (D:2)
  4 kobolds
  3 quokkas
  5 ball pythons
  4 frilled lizards (D:1)
  7 rats
68 creatures vanquished.

Notes
Turn   | Place    | Note
-------+----------+-------------------------------------------
     0 | D:1      | SnakkuSnakku7 the Mummy Reaver began the quest for the Orb.
     0 | D:1      | Reached XP level 1. HP: 16/16 MP: 4/4
    20 | D:1      | Reached XP level 2. HP: 12/21 MP: 2/5
   430 | D:1      | Reached skill level 3 in Maces & Flails
   497 | D:1      | Gained mutation: You are in touch with the powers of death.
                  | [Mummy growth]
   497 | D:1      | Reached XP level 3. HP: 26/28 MP: 7/7
   629 | D:1      | Reached skill level 1 in Necromancy
  1114 | D:2      | Reached XP level 4. HP: 32/34 MP: 8/8
  1730 | D:3      | Found a runed translucent gate.
  1730 | D:3      | Found a runed translucent gate.
  1730 | D:3      | Found a runed translucent gate.
  1840 | D:3      | Noticed a scorpion
  1899 | D:3      | Noticed Grinder
  1951 | D:3      | Paralysed by Grinder for 5 turns
  1975 | D:3      | Paralysed by Grinder for 3 turns
  1993 | D:3      | Killed Grinder
  1994 | D:3      | Reached skill level 4 in Maces & Flails
  1994 | D:3      | Reached XP level 5. HP: 17/39 MP: 9/9
  1994 | D:3      | Reached XP level 6. HP: 20/46 MP: 10/10
  2230 | D:3      | Noticed Darkkill's ghost (amateur MiHu)
  2778 | D:4      | Found Imico's Book Emporium.
  3140 | D:4      | Found a runed translucent gate.
  3140 | D:4      | Found a runed translucent gate.
  3140 | D:4      | Found a runed translucent gate.
  3141 | D:4      | Noticed JanusIIV's ghost (novice NaCj)
  3142 | D:4      | Noticed minhee2137's ghost (amateur MiBe)
  3142 | D:4      | Noticed SpyderV's ghost (novice HOFi)
  3142 | D:4      | Noticed AverageBear's ghost (amateur OpFi)
  3228 | D:4      | Reached skill level 5 in Maces & Flails
  3230 | D:4      | Found a shimmering altar of Xom.
  3230 | D:4      | Found a hazy altar of Hepliaklqana.
  3231 | D:4      | Found an ancient bone altar of Kikubaaqudgha.
  3242 | D:4      | Noticed Pikel
  3261 | D:4      | HP: 1/46 [Pikel/+2 whip of freezing (5)]
  3261 | D:4      | Slain by Pikel

Illustrated notes

Levels and vault maps discovered:
D:1:      shiori_arrival_elements, layout_basic
D:2:      cheibrodos_helix_gallery, layout_loops_ring
D:3:      layout_loops_ring, gammafunk_ghost_icy, serial_forest,
          infiniplex_forest_corner_1, infiniplex_forest_lined_ring,
          infiniplex_forest_straight_3, infiniplex_forest_clump_medium,
          infiniplex_forest_join, lightli_corner_chamber, uniq_grinder
D:4:      layout_loops_corners, nicolae_overflow_hidden_temple,
          gammafunk_ghost_cemetery, serial_shops, nicolae_book_shop_shelving,
          uniq_pikel

Skill      XL: |  1  2  3  4  5  6 |
---------------+-------------------+-----
Maces & Flails | 3 4 5 |  5.0
Necromancy     | 1 3 4 |  4.0
Fighting       | |  2.6
Dodging        | |  1.5
Shields        | |  0.6
Spellcasting   | |  2.6
Conjurations   | |  2.4

Action                     |  1- 3 |  4- 6 || total
---------------------------+-------+-------++-------
  Melee: Mace              |   114 |   138 ||   252
   Cast: Kiss of Death     |     2 |     3 ||     5
    Use: Scroll            |       |     2 ||     2
 Armour: Leather armour    |    41 |    28 ||    69
  Dodge: Dodged            |    71 |    84 ||   155
  Block: Buckler           |     8 |    23 ||    31
